 Dungeon Crawl Stone Soup version 0.30.0-5-g1a98f26d00 (webtiles) character file.

Game seed: 1481676411726628670

69 MacCMillion the Digger (level 4, -2/24 HPs)
             Began as a Gargoyle Earth Elementalist on May 9, 2023.
             Was an Initiate of Vehumet.
             Killed from afar by Sigmund (8 damage)
             ... with a magic dart
             ... on level 2 of the Dungeon.
             The game lasted 00:04:51 (2622 turns).

MacCMillion the Digger (GrEE)                       Turns: 2622, Time: 00:04:52

Health: -2/24      AC:  0    Str: 11    XL:     4   Next: 20%
Magic:  7/7        EV: 14    Int: 18    God:    Vehumet [......]
Gold:   192        SH:  0    Dex: 10    Spells: 3/7 levels left

rFire   . . .        d - melded +0 short sword
rCold   . . .        (shield currently unavailable)
rNeg    + . .        a - melded +0 robe
rPois   ∞            f - melded +2 hat
rElec   .            (cloak currently unavailable)
rCorr   .            (gloves currently unavailable)
SInv    .            (boots currently unavailable)
Will    .....        (no amulet)
Stlth   +            (ring currently unavailable)
HPRegen 0.24/turn    (ring currently unavailable)
MPRegen 0.10/turn

%: no passive effects
@: confused, pig-form (expiring), very quick
A: fast, no casting, sickness immunity, AC +3, small, negative energy resistance
1, (electricity resistance), torment resistance 1, petrification resistance
a: Renounce Religion


You were on level 2 of the Dungeon.
You worshipped Vehumet.
Vehumet was noncommittal.
You were a filthy swine.
You visited 1 branch of the dungeon, and saw 2 of its levels.

You collected 192 gold pieces.

Inventory:

Hand Weapons
 d - a +0 short sword (melded)
Armour
 a - a +0 robe (melded)
 f - a +2 hat (melded)
Jewellery
 r - a +6 ring of strength
Scrolls
 c - a scroll of enchant weapon {unknown}
 g - 3 scrolls of identify {unknown}
 j - a scroll of noise {unknown}
 k - a scroll of poison {unknown}
 m - 3 scrolls of teleportation {unknown}
 n - a scroll of fear {unknown}
 o - a scroll of torment {unknown}
 p - a scroll of fog {unknown}
Potions
 b - a potion of magic
 e - 2 potions of flight {unknown}
 h - a potion of degeneration {unknown}
 i - a potion of might {unknown}
 l - a potion of ambrosia {unknown}
 q - a potion of curing {unknown}


   Skills:
 - Level 1.5 Dodging
 - Level 2.1 Stealth
 + Level 2.3 Spellcasting
 + Level 1.1 Conjurations
 - Level 0.7 Transmutations
 + Level 5.4 Earth Magic


You had 3 spell levels left.
You knew the following spells:

 Your Spells              Type           Power      Damage    Failure   Level
a - Sandblast             Erth           42%        2d11      1%          1
b - Stone Arrow           Conj/Erth      28%        3d8       14%         3

Your spell library contained the following spells:

 Spells                   Type           Power      Damage    Failure   Level
 Passwall                 Tmut/Erth      10%        N/A       8%          2
 Petrify                  Tmut/Erth      13%        N/A       43%         4


Dungeon Overview and Level Annotations

Branches:
Dungeon (2/15)

Altars:
Vehumet

Annotations:
D:2 Sigmund


Innate Abilities, Weirdness & Mutations

You are a filthy swine.
You move quickly.
Your equipment is almost entirely melded.
You are incapable of wielding weapons or throwing items.
You cannot cast spells.
You are immune to sickness and miasma.
((Your stone body is resilient. (AC +3)))
You are immune to poison.
You resist negative energy. (rN+)
((You are resistant to electric shocks. (rElec)))
You are resistant to unholy torment.
You are immune to petrification.


Message History

Sigmund zaps a wand.
You turn into a filthy swine.
Your +0 short sword melds into your body.
Your +2 hat melds into your body.
Your +0 robe melds into your body.
An adder comes into view.
The adder hisses angrily.
You barely miss the adder. The adder bites you.
You hit the adder but do no damage. The adder barely misses you.
You closely miss the adder. The adder closely misses you.
The adder barely misses you.
You hit the adder.
The adder is moderately wounded.
The adder closely misses you.
You hit the adder but do no damage.
The adder is moderately wounded.
The adder bites you.
You hit the adder.
The adder is heavily wounded.
The adder bites you.
Sigmund hits you from afar with a +0 scythe!
You closely miss the adder.
The adder is heavily wounded.
The adder misses you.
You completely miss the adder.
The adder is heavily wounded.
The adder misses you. Sigmund closely misses you. The adder misses you.
You barely miss the adder.
The adder is heavily wounded.
The adder bites you.
* * * LOW HITPOINT WARNING * * *
Sigmund points at you and mumbles some strange words.
You are confused.
You can't do that in your present form.
There are monsters nearby!
There are monsters nearby!
You barely miss the adder.
The adder is heavily wounded.
Your transformation is almost over.
Sigmund casts a spell at you. The magic dart hits you!
You die...

...... #...##.# #..P~~P~~
.....@.###..#.### #........
.......'..#.....# #........ .
#.##..#.##############'##
#@###....................
#.###..########.##.......
###...#.......###.##.......
#.....#.#####.....##.......
#####.###.#..Sh.#####..#.......
#........######@# #.....[....
#............##.# #.###..####
#........##@..#.# #.##.......
#........##...#.# #.##.#.####
#.......[##...#.#####.##.#....#
#........†....#†#.(...##.#.##..
#.........#...#.#.######.#.####
#.........#...#.#.# #.#.# #


You could see Sigmund and an adder.

Vanquished Creatures
  2 adders (D:2)
  2 worms (D:2)
  3 bats
  5 endoplasms
  3 giant cockroaches
  5 hobgoblins
  6 jackals (D:2)
  3 kobolds (D:1)
  5 ball pythons
  A frilled lizard (D:1)
  3 goblins
  2 rats (D:1)
40 creatures vanquished.

Notes
Turn   | Place    | Note
-------+----------+-------------------------------------------
     0 | D:1      | MacCMillion the Gargoyle Earth Elementalist began the quest
                  | for the Orb.
     0 | D:1      | Reached XP level 1. HP: 10/10 MP: 3/3
   262 | D:1      | Reached skill level 4 in Earth Magic
   360 | D:1      | Reached XP level 2. HP: 15/15 MP: 0/5
  1424 | D:2      | Reached skill level 5 in Earth Magic
  1424 | D:2      | Reached XP level 3. HP: 19/19 MP: 3/6
  1501 | D:2      | Noticed Sigmund
  1597 | D:2      | Learned a level 3 spell: Stone Arrow
  1626 | D:2      | Found a radiant altar of Vehumet.
  1636 | D:2      | Became a worshipper of Vehumet
  2291 | D:2      | Reached skill level 1 in Conjurations
  2291 | D:2      | Reached XP level 4. HP: 24/24 MP: 4/7
  2622 | D:2      | Killed from afar by Sigmund

Illustrated notes

Levels and vault maps discovered:
D:1:      kennysheep_arrival_seaside, layout_basic, hex_medium,
          roderic_lattice_a, minmay_gold_behind_fungi
D:2:      layout_basic, serial_bayou, serial_bayou_shore_b,
          serial_bayou_lagoon_a, serial_bayou_pond_d, serial_bayou_pond_d,
          basic_altar, uniq_sigmund

Skill      XL: |  1  2  3 |
---------------+----------+-----
Earth Magic    | 4 5 |  5.4
Conjurations   | 1 |  1.1
Dodging        | |  1.5
Stealth        | |  2.1
Spellcasting   | |  2.3
Transmutations | |  0.7

Action                     |  1- 3 |  4- 6 || total
---------------------------+-------+-------++-------
  Melee: Short sword       |    24 |       ||    24
         Unarmed           |       |    10 ||    10
   Cast: Sandblast         |    56 |     4 ||    60
 Armour: Robe              |    30 |       ||    30
  Dodge: Dodged            |    30 |    10 ||    40
